 Dungeon Sprint DCSS version 0.20-a0-556-g892c87b (webtiles) character file.

920 Kidiri the Thaumaturge (level 7, -2/42 HPs)
             Began as a Deep Elf Fire Elementalist on Feb 4, 2017.
             Was a High Priest of Vehumet.
             Slain by a death scarab (24 damage)
             ... in the Dungeon (Sprint V: "Ziggurat Sprint").
             The game lasted 00:05:21 (515 turns).

Kidiri the Thaumaturge (Deep Elf Fire Elementalist)  Turns: 515, Time: 00:05:22

Health: -2/42      AC:  6    Str:  5    XL:     7   Next: 83%
Magic:  20/24      EV: 16    Int: 37    God:    Vehumet [*****.]
Gold:   0          SH:  0    Dex: 15    Spells: 11/30 levels left

rFire    x . .     SeeInvis .     - Unarmed
rCold    . . .     Gourm    .   a - +0 robe
rNeg     + + .     Faith    .   (no shield)
rPois    .         Spirit   .   (no helmet)
rElec    .         Reflect  .   (no cloak)
rCorr    .         Harm     .   y - +2 pair of gloves of the Pleiades {rN+}
MR       .....     NoTele   +   K - +0 pair of boots of the Solstice {rF- rN+ Int+3 Slay+3}
Stlth    ++........             (no amulet)
Regen    0.2/turn               B - +6 ring of intelligence
                                A - +6 ring of intelligence

@: very slightly contaminated, slowed, very slow
A: no striking features
a: Renounce Religion


You were in the Dungeon.
You worshipped Vehumet.
Vehumet was extremely pleased with you.
You were not hungry.

You visited 1 branch

Inventory:

Hand Weapons
 I - the +6 Majin-Bo (quivered) {vamp, Archmagi MP+6 Int+6}
   (You found it in the Dungeon)

   It inflicts no extra harm, but heals its wielder when it wounds a living foe.
   It affects your intelligence (+6).
   It affects your magic capacity (+6).
Armour
 a - a +0 robe (worn)
 y - the +2 pair of gloves of the Pleiades (worn) {rN+}
   (You found it in the Dungeon)

   It protects you from negative energy.
 C - the +6 swamp dragon scales "Wuilama" {+Inv rPois rF+}
   (You found it in the Dungeon)

   It protects you from fire.
   It protects you from poison.
   It lets you turn invisible.
 K - the +0 pair of boots of the Solstice (worn) {rF- rN+ Int+3 Slay+3}
   (You found it in the Dungeon)

   It affects your intelligence (+3).
   It affects your accuracy and damage with ranged weapons and melee attacks
   (+3).
   It makes you vulnerable to fire.
   It protects you from negative energy.
Jewellery
 m - the ring "Hanablohe" {rF+ rC+}
   (You took it off an iron imp in the Dungeon)

   [ring of protection from fire]

   It protects you from fire.
   It protects you from cold.
 A - a +6 ring of intelligence (left hand)
 B - a +6 ring of intelligence (right hand)
 J - a +3 ring of evasion
 L - the amulet "Oxedausi" {Spirit rC+ Int+5 SInv}
   (You found it in the Dungeon)

   [amulet of guardian spirit]

   It causes incoming damage to be split between your health and magic.
   It affects your intelligence (+5).
   It protects you from cold.
   It lets you see invisible.
 M - the ring of Recklessness {*Drain rF+ Str+7 Int+3}
   (You found it in the Dungeon)

   [ring of protection from fire]

   It affects your strength (+7).
   It affects your intelligence (+3).
   It protects you from fire.
   It causes draining when unequipped.
 O - a +2 ring of evasion
Wands
 E - a wand of disintegration (3/24)
 F - a wand of iceblast (4/15)
 G - a wand of lightning (3/15)
 H - a wand of acid (5/15)
Scrolls
 i - 3 scrolls of blinking
 p - 4 scrolls of amnesia
 q - 3 scrolls of recharging
 r - 7 scrolls of fog
 s - a scroll of holy word
 t - 5 scrolls of identify
 u - 5 scrolls of remove curse
 v - 2 scrolls of fear
 N - a scroll of brand weapon
Potions
 d - 10 potions of curing
 e - 6 potions of heal wounds
 f - 6 potions of haste
 g - 6 potions of magic
 h - 3 potions of berserk rage
 j - 2 potions of brilliance
 k - 2 potions of invisibility
 l - 4 potions of resistance
 n - 5 potions of agility
 o - 5 potions of might
Books
 b - a book of Flames

   Spells                             Type                      Level
   a - Flame Tongue                   Conjuration/Fire             1
   b - Throw Flame                    Conjuration/Fire             2
   c - Conjure Flame                  Conjuration/Fire             3
   d - Inner Flame                    Hexes/Fire                   3
   e - Sticky Flame                   Conjuration/Fire             4
   f - Fireball                       Conjuration/Fire             5
 z - the Reference Book on Talismans and Arcane Weapons
   (You found it in the Dungeon)

   Spells                             Type                      Level
   a - Sting                          Conjuration/Poison           1
   b - Shroud of Golubria             Charms/Translocation         2
   c - Searing Ray                    Conjuration                  2
   d - Spectral Weapon                Hexes/Charms                 3
   e - Force Lance                    Conjuration/Translocation    4
   f - Iskenderun's Battlesphere      Conjuration/Charms           5
Comestibles
 c - 5 bread rations
 w - 39 fruits
 x - 4 meat rations


   Skills:
 + Level 3.8 Fighting
 + Level 4.5 Staves
 - Level 2.0 Throwing
 + Level 3.9 Armour
 + Level 6.2 Dodging
 - Level 3.6 Stealth
 - Level 1.3 Unarmed Combat
 * Level 12.0 Spellcasting
 + Level 7.3 Conjurations
 + Level 8.0 Fire Magic
 + Level 5.0 Evocations


You had 11 spell levels left.
You knew the following spells:

 Your Spells              Type           Power        Failure   Level  Hunger
a - Flame Tongue          Conj/Fire      #####        1%          1    None
b - Throw Flame           Conj/Fire      ######       1%          2    None
c - Conjure Flame         Conj/Fire      ######..     1%          3    None
d - Inner Flame           Hex/Fire       ######..     1%          3    None
e - Sticky Flame          Conj/Fire      ######..     1%          4    None
f - Fireball              Conj/Fire      ######....   1%          5    None
g - Sting                 Conj/Pois      ####         1%          1    None


Dungeon Overview and Level Annotations

Branches:
Dungeon (1/1)

Altars:
Ashenzari
Cheibriados
Dithmenos
Elyvilon
Fedhas
Gozag
Hepliaklqana
Kikubaaqudgha
Makhleb
Nemelex Xobeh
Okawaru
Qazlal
Ru
Sif Muna
Trog
Uskayaw
Vehumet
Xom
Yredelemnul
Zin
The Shining One
Beogh
Jiyva
Lugonu


Message History

Aim: a death scarab The flame tongue hits the death scarab.
The death scarab is lightly damaged.
The death scarab bites you! The death scarab drains your vigour!
You feel yourself slow down.
The death scarab draws strength from your injuries!
Casting: Flame Tongue
Confirm with . or Enter, or press ? or * to list all spells.
Aiming: Sticky Flame
Press: ? - help, Shift-Dir - straight line, f/p - death scarab
Aim: a death scarab (lightly damaged)
The sticky flame hits the death scarab.
The death scarab is lightly damaged.
The death scarab is covered in liquid flames!
The death scarab burns! x2; The death scarab closely misses you.
The death scarab misses you.
The death scarab waves its antennae.
The death scarab bites you!!
Ouch! That really hurt!
You die...

▓..|))..▓
▓..|}!..▓
▓..MMM..▓
▓.......▓
▓.......▓
...Z...
▓.▓.s.▓.▓
▓...@s..▓
▓▓▓▓▓▓▓▓▓


You could see 2 guardian mummies, 2 death scarabs, a mummy and a bat zombie.

Vanquished Creatures
  A gargoyle (D)
  A floating eye (D)
  A hell hound (D)
  A phantom (D)
  4 scorpions (D)
  A quasit (D)
  A jelly (D)
  An iron imp (D)
  An iguana (D)
  A river rat (D)
  A white imp (D)
  An ooze (D)
  An adder zombie (D)
  A bat zombie (D)
  A jackal skeleton (D)
  A leopard gecko skeleton (D)
19 creatures vanquished.

Notes
Turn   | Place    | Note
-------+----------+-------------------------------------------
     0 | D        | Kidiri the Deep Elf Fire Elementalist began the quest for the Orb.
     0 | D        | Reached XP level 1. HP: 10/10 MP: 6/6
     0 | D        | Found a deep blue altar of Sif Muna.
     0 | D        | Found a sacrificial altar of Ru.
     0 | D        | Found a bloodstained altar of Trog.
     0 | D        | Found a stormy altar of Qazlal.
     0 | D        | Found an iron altar of Okawaru.
     0 | D        | Found a sparkling altar of Nemelex Xobeh.
     0 | D        | Found a blossoming altar of Fedhas.
     2 | D        | Found an ancient bone altar of Kikubaaqudgha.
     2 | D        | Found a viscous altar of Jiyva.
     2 | D        | Found a corrupted altar of Lugonu.
     2 | D        | Found a hazy altar of Hepliaklqana.
     2 | D        | Found a burning altar of Makhleb.
     2 | D        | Found an opulent altar of Gozag.
    63 | D        | Became a worshipper of Vehumet
    64 | D        | Reached skill level 1 in Fighting
    64 | D        | Reached skill level 1 in Staves
    64 | D        | Reached skill level 1 in Armour
    64 | D        | Reached skill level 1 in Unarmed Combat
    64 | D        | Reached skill level 4 in Spellcasting
    64 | D        | Reached XP level 2. HP: 16/16 MP: 7/9
    68 | D        | Learned a level 2 spell: Throw Flame
    89 | D        | Entered arena 1.
    92 | D        | Reached skill level 5 in Spellcasting
    92 | D        | Reached XP level 3. HP: 20/20 MP: 6/11
   105 | D        | Learned a level 3 spell: Conjure Flame
   109 | D        | Learned a level 3 spell: Inner Flame
   220 | D        | Entered arena 2.
   220 | D        | Noticed a floating eye
   223 | D        | Killed a floating eye
   223 | D        | Reached * piety under Vehumet
   223 | D        | Offered knowledge of Sting by Vehumet.
   223 | D        | Reached skill level 8 in Spellcasting
   223 | D        | Reached skill level 5 in Conjurations
   223 | D        | Reached XP level 4. HP: 25/25 MP: 9/16
   223 | D        | Reached XP level 5. HP: 29/29 MP: 10/18
   225 | D        | Reached skill level 9 in Spellcasting
   239 | D        | Got the +0 pair of boots of the Solstice {rF- rN+ Int+3 Slay+3}
   250 | D        | Learned a level 4 spell: Sticky Flame
   256 | D        | Learned a level 5 spell: Fireball
   310 | D        | Entered arena 3.
   310 | D        | Noticed a hell hound
   311 | D        | Reached ** piety under Vehumet
   319 | D        | Reached skill level 10 in Spellcasting
   320 | D        | Killed a hell hound
   320 | D        | Reached *** piety under Vehumet
   320 | D        | Reached XP level 6. HP: 20/36 MP: 11/21
   323 | D        | Learned a level 1 spell: Sting
   324 | D        | Got the ring "Hanablohe" {rF+ rC+}
   329 | D        | Got the amulet "Oxedausi" {Spirit rC+ Int+5 SInv}
   331 | D        | Got the ring of Recklessness {*Drain rF+ Str+7 Int+3}
   449 | D        | Entered arena 4.
   450 | D        | Offered knowledge of Searing Ray by Vehumet.
   450 | D        | Reached skill level 5 in Dodging
   450 | D        | Reached skill level 11 in Spellcasting
   450 | D        | Reached XP level 7. HP: 41/41 MP: 21/23
   469 | D        | Entered arena 5.
   470 | D        | Reached **** piety under Vehumet
   482 | D        | Got the +2 pair of gloves of the Pleiades {rN+}
   490 | D        | Identified the Reference Book on Talismans and Arcane Weapons (You found it in the Dungeon)
   498 | D        | Entered arena 6.
   498 | D        | Noticed a toenail golem
   498 | D        | Noticed a gargoyle
   498 | D        | Noticed a toenail golem
   504 | D        | Killed a gargoyle
   504 | D        | Reached ***** piety under Vehumet
   504 | D        | Reached skill level 12 in Spellcasting
   504 | D        | Reached skill level 5 in Evocations
   510 | D        | Got the +6 swamp dragon scales "Wuilama" {+Inv rPois rF+}
   512 | D        | Entered arena 7.
   512 | D        | Noticed a guardian mummy
   512 | D        | Noticed a death scarab
   512 | D        | Noticed a death scarab
   512 | D        | Noticed a guardian mummy
   515 | D        | Slain by a death scarab

Vault maps used:
D:        sprint_v

Skill      XL: |  1  2  3  4  5  6  7 |
---------------+----------------------+-----
Fighting       | 1 2 3 |  3.8
Staves         | 1 3 4 |  4.5
Throwing       | 2 |  2.0
Armour         | 1 2 3 |  3.9
Dodging        | 3 4 5 6 |  6.2
Stealth        | 3 |  3.6
Unarmed Combat | 1 |  1.3
Spellcasting   | 4 5 8 10 11 12 | 12.0
Conjurations   | 2 3 5 6 7 |  7.3
Evocations     | 2 3 4 5 |  5.0
Fire Magic     | 4 6 7 8 |  8.0

Action                   |  1- 3 |  4- 6 |  7- 9 || total
-------------------------+-------+-------+-------++-------
 Cast: Flame Tongue      |     8 |     7 |     7 ||    22
       Fireball          |       |     2 |     7 ||     9
       Sticky Flame      |       |       |     1 ||     1
Evoke: Wand              |       |     4 |     3 ||     7
  Use: Potion            |     1 |     3 |     2 ||     6
       Scroll            |       |       |     1 ||     1
  Eat: Fruit             |     3 |       |       ||     3
Armor: Robe              |       |       |     1 ||     1
Dodge: Dodged            |     3 |     5 |     5 ||    13
